 Dungeon Crawl Stone Soup version 0.24-a0-507-g3e8b2426 (webtiles) character file.

Game seed: 12721307572668741589

41 silentkaos13 the Skirmisher (level 3, -2/29 HPs)
             Began as a Demonspawn Fighter on July 18, 2019.
             Killed by nerve-wracking pain
             ... invoked by an orc priest
              (10 damage)
             ... on level 2 of the Dungeon.
             The game lasted 00:02:51 (979 turns).

silentkaos13 the Skirmisher (Demonspawn Fighter)     Turns: 979, Time: 00:02:52

Health: -2/29      AC:  6    Str: 19    XL:     3   Next: 32%
Magic:  3/3        EV: 12    Int:  9    God:
Gold:   28         SH:  9    Dex: 17    Spells: 2/2 levels left

rFire    . . .     SeeInvis .   a - +0 flail
rCold    . . .     Gourm    .   c - +0 shield
rNeg     . . .     Faith    .   b - +0 scale mail
rPois    .         Spirit   .   (no helmet)
rElec    .         Reflect  .   (no cloak)
rCorr    .         Harm     .   (no gloves)
MR       .....                  (no boots)
Stlth    +.........             (no amulet)
HPRegen  0.09/turn              (no ring)
MPRegen  0.08/turn              (no ring)

@: agile
A: powered by death 1, spiny 1, strong 1, wild magic 1, no potion heal 1
a: no special abilities


You were on level 2 of the Dungeon.
You were not hungry.

You visited 1 branch of the dungeon, and saw 2 of its levels.

You collected 28 gold pieces.

Inventory:

Hand Weapons
 a - a +0 flail (weapon)
Armour
 b - a +0 scale mail (worn)
 c - a +0 shield (worn)
 g - a +2 shield
Jewellery
 n - a +5 ring of evasion {unknown}
Scrolls
 h - 3 scrolls of noise {unknown}
 i - a scroll of teleportation {unknown}
 j - 2 scrolls of immolation {unknown}
 k - a scroll of identify {unknown}
 l - a scroll of magic mapping {unknown}
Potions
 d - a potion of might
Comestibles
 f - 2 rations


   Skills:
 + Level 3.2 Fighting
 * Level 2.8 Maces & Flails
 + Level 2.8 Armour
 + Level 0.3 Dodging
 + Level 2.8 Shields


You had 2 spell levels left.
You didn't know any spells.
Your spell library was empty.

Dungeon Overview and Level Annotations

Branches:
Dungeon (2/15)

Altars:
Hepliaklqana


Innate Abilities, Weirdness & Mutations

You regenerate a little health from kills.
You are partially covered in sharp spines.
Your muscles are strong. (Str +2)
Your spells are a little harder to cast, but a little more powerful.
Potions are less effective at restoring your health.


Message History

The orc is moderately wounded.
The orc priest invokes the aid of Beogh against you.
Pain shoots through your body! The orc barely misses you.
The orc is struck by your spines. The orc hits you but does no damage.
You closely miss the orc.
The orc is moderately wounded.
The orc priest is struck by your spines.
The orc priest misses you. The orc hits you with a +0 club.
* * * LOW HITPOINT WARNING * * *
You block the orc's attack. x2; The giant cockroach closely misses you.
The orc priest hits you but does no damage.
It was a potion of agility.
You feel agile all of a sudden.
The orc priest begins to cast a cantrip, but forgets the words!
It was a potion of mutation.
You feel extremely strange.
Your system partially rejects the healing effects of potions.
You feel less in control of your magic.
You feel stronger.
The orc priest calls down the wrath of Beogh upon you.
Pain shoots through your body!
You die...

#.###....(..._.†. #.
##.###.##.#....... #..
##...##.##.#.......
#...####.#.....##.##.....#
...............##.####.###
.......o...#.#............
..$...soo.......##.#.....#
#...####o#o.....# ....(.#
#.. ##@>.<...# ### #
##......# #......#
#$##..## .. ..# ## #


You could see an orc priest, 4 orcs and a giant cockroach.

Vanquished Creatures
  A dart slug (D:1)
  2 leopard geckos (D:1)
  3 goblins (D:1)
  6 hobgoblins (D:1)
  2 jackals (D:1)
  A quokka (D:2)
  2 bats (D:1)
  5 frilled lizards (D:1)
  7 kobolds
  7 rats (D:1)
36 creatures vanquished.

Notes
Turn   | Place    | Note
-------+----------+-------------------------------------------
     0 | D:1      | silentkaos13 the Demonspawn Fighter began the quest for the
                  | Orb.
     0 | D:1      | Reached XP level 1. HP: 18/18 MP: 1/1
    70 | D:1      | Gained mutation: You regenerate a little health from kills.
                  | [demonic ancestry]
    70 | D:1      | Reached XP level 2. HP: 23/24 MP: 2/2
   490 | D:1      | Gained mutation: You are partially covered in sharp spines.
                  | [demonic ancestry]
   490 | D:1      | Reached XP level 3. HP: 27/29 MP: 3/3
   938 | D:2      | Found a hazy altar of Hepliaklqana.
   979 | D:2      | Gained mutation: Potions are less effective at restoring
                  | your health. [potion of mutation]
   979 | D:2      | Gained mutation: Your spells are a little harder to cast,
                  | but a little more powerful. [potion of mutation]
   979 | D:2      | Gained mutation: Your muscles are strong. (Str +2) [potion
                  | of mutation]
   979 | D:2      | Killed from afar by an orc priest

Levels and vault maps discovered:
D:1:      dpeg_arrival_arbitrary_a, layout_basic
D:2:      layout_loops_cross, old_standard_altar

Skill      XL: |  1 |
---------------+----+-----
Maces & Flails | 2 |  2.8
Fighting       | |  3.2
Armour         | |  2.8
Dodging        | |  0.3
Shields        | |  2.8

Action                   || total
-------------------------++-------
Melee: Flail             ||    97
  Use: Potion            ||     2
Armor: Scale mail        ||    45
Dodge: Dodged            ||    30
Block: Shield            ||    56

Table legend:
 A = Non-vault XP
 B = Vault XP
 C = Vault XP percentage of total XP
 D = Non-vault monster count
 E = Vault monster count
 F = Vault count percentage of total count
                 A         B        C        D         E       F
            +---------+---------+-------+---------+---------+-------
      Total |      59 |       0 |   0.0 |      36 |       0 |   0.0
            +---------+---------+-------+---------+---------+-------
        D:1 |      53 |       0 |   0.0 |      32 |       0 |   0.0
        D:2 |       6 |       0 |   0.0 |       4 |       0 |   0.0
            +---------+---------+-------+---------+---------+-------
